 Dungeon Crawl Stone Soup version 0.29.1-2-gbd0b4ee654 (webtiles) character file.

Game seed: 3581804496884424686

6552 safid the Marksminotaur (level 10, -20/88 HPs)
             Began as a Minotaur Hunter on Nov 9, 2022.
             Was a Priest of Okawaru.
             Demolished by a very large slime creature (60 damage)
             ... on level 9 of the Dungeon.
             The game lasted 00:20:57 (11699 turns).

safid the Marksminotaur (Minotaur Hunter)          Turns: 11699, Time: 00:20:57

Health: -20/88     AC:  7    Str: 16    XL:     10   Next: 70%
Magic:  9/9        EV: 11    Int:  6    God:    Okawaru [***...]
Gold:   304        SH:  0    Dex: 18    Spells: 9/9 levels left

rFire   . . .      SeeInvis +   f - +2 arbalest (vorpal)
rCold   . . .      Faith    .   (shield currently unavailable)
rNeg    . . .      Spirit   .   m - +1 ring mail {Will+}
rPois   .          Reflect  .   (helmet restricted)
rElec   .          Harm     .   (no cloak)
rCorr   .          Rampage  .   (no gloves)
Will    +....                   i - +0 pair of boots
Stlth   +.........              h - amulet of the acrobat
HPRegen 0.24/turn               D - ring of see invisible
MPRegen 0.11/turn               (no ring)

@: no status effects
A: horns 2, retaliatory headbutt, talons 1, MP-powered wands
a: Renounce Religion, Heroism


You were on level 9 of the Dungeon.
You worshipped Okawaru.
Okawaru was most pleased with you.
You visited 2 branches of the dungeon, and saw 10 of its levels.
You also visited: Ossuary.

You collected 556 gold pieces.
You spent 252 gold pieces at shops.

Inventory:

Hand Weapons
 f - a +2 vorpal arbalest (weapon)
Missiles
 b - 2 silver javelins
 c - 2 throwing nets
 l - 4 javelins
 y - 5 curare-tipped darts
Armour
 i - a +0 pair of boots (worn)
 m - a +1 ring mail of willpower (worn)
Jewellery
 h - an amulet of the acrobat (around neck)
 D - a ring of see invisible (left hand)
Wands
 r - a wand of iceblast (7)
Scrolls
 a - a scroll of fear
 d - 3 scrolls of magic mapping
 g - a scroll of brand weapon {unknown}
 j - 2 scrolls of blinking
 k - a scroll of silence
 p - 4 scrolls of teleportation
 C - 2 scrolls of enchant weapon
Potions
 e - 2 potions of lignification
 n - 5 potions of heal wounds
 o - a potion of cancellation
 q - 2 potions of mutation
 u - a potion of berserk rage {unknown}
 w - 3 potions of haste
 x - 4 potions of flight
 z - 2 potions of curing
 A - a potion of might


   Skills:
 - Level 8.0 Fighting
 + Level 16.6 Ranged Weapons
 - Level 2.1 Dodging
 - Level 0.7 Stealth


You had 9 spell levels left.
You didn't know any spells.
Your spell library contained the following spells:

 Spells                   Type           Power      Damage    Failure   Level
 Ensorcelled Hibernation  Hex/Ice        0%         N/A       82%         2
 Passwall                 Tmut/Erth      0%         N/A       82%         2
 Dazzling Flash           Conj/Hex       0%         N/A       96%         3
 Swiftness                Air            0%         N/A       96%         3
 Iskenderun's Mystic Bla  Conj/Tloc      0%         2d3       100%        4
 Olgreb's Toxic Radiance  Pois           0%         N/A       100%        4
 Starburst                Conj/Fire      0%         6d3       100%        6
 Ozocubu's Refrigeration  Ice            0%         4d7       100%        7
 Ignition                 Fire           0%         3d3       100%        8


Dungeon Overview and Level Annotations

Branches:
Dungeon (9/15)             Temple (1/1) D:6            Lair (0/5) D:9
Ossuary (visited)
    Orc: D:9-12

Altars:
Ashenzari
Cheibriados
Dithmenos
Elyvilon
Fedhas
Gozag
Hepliaklqana
Kikubaaqudgha
Makhleb
Nemelex Xobeh
Okawaru
Qazlal
Ru
Sif Muna
Trog
Uskayaw
Vehumet
Wu Jian
Xom
Yredelemnul
Zin
The Shining One

Shops:
D:2 (   D:4 =*   D:7 (!


Innate Abilities, Weirdness & Mutations

You have a pair of horns on your head.
You reflexively headbutt those who attack you in melee.
You have sharp toenails.
You expend magic power (3 MP) to strengthen your wands.


Message History

No target in view!
No target in view!
No target in view!
You now have 296 gold pieces (gained 15).
Things that are here:
a +2 great mace of protection; a +0 scale mail; a gnoll corpse
g - a scroll labelled CIRPHA LEUN You now have 304 gold pieces (gained 8).
r - a wand of iceblast (7)
Things that are here:
a +0 flail; 2 stones; a +0 flail As you open the large door, it creaks loudly! 3 slime creatures come into view.
The slime creature quivers. x3
Found a potion of flight.
You shoot a bolt. The bolt hits the slime creature!!
The slime creature is heavily wounded.
You shoot a bolt. The bolt hits the slime creature!
The slime creature is severely wounded.
You shoot a bolt. The bolt hits the slime creature.
The slime creature is severely wounded.
The slime creature hits you!
Two slime creatures merge to form a large slime creature.
You shoot a bolt.
The bolt hits the large slime creature!!
The large slime creature is heavily wounded.
Two slime creatures merge to form a very large slime creature.
You shoot a bolt.
The bolt hits the very large slime creature!
The very large slime creature is heavily wounded.
You shoot a bolt.
The bolt hits the very large slime creature!
The very large slime creature is heavily wounded.
The very large slime creature hits you.
The very large slime creature hits you!!!
Unknown command.
The very large slime creature attacks as you move away!
The very large slime creature hits you!!!
Ouch! That really hurt!
You die...

#.... #....
##.... #....#
#....# .
#....# ...
#....##.....
#...@J'.....
#....##.....
#.####....#
.!.
#.........# .
#..#.#.
#####.....#
.....#.
#.#.###
>...... #.#.#
#.#.....
#.#.#########
#.#.....
#............
........


You could see a very large slime creature.

Vanquished Creatures
  A two-headed ogre (D:9)
  Grinder (D:4)
  A wraith (Ossuary)
  8 water moccasins
  5 ice beasts
  2 orc warriors (D:8)
  4 black bears
  4 ogres
  A centaur (D:6)
  6 bullfrogs
  2 kobold brigands
  Blork the orc (D:4)
  4 necrophages
  3 gnoll sergeants
  2 scorpions (D:5)
  7 wights
  11 killer bees
  A howler monkey (D:8)
  4 jellies
  4 orc priests
  2 gnoll boudas
  8 hounds
  5 iguanas
  9 orc wizards
  A mummy (Ossuary)
  Robin (D:3)
  22 gnolls
  8 adders
  A shadow imp (D:6)
  A white imp (D:4)
  2 ufetubi (D:6)
  4 dart slugs
  28 orcs
  4 ball pythons
  7 endoplasms
  A giant cockroach (D:1)
  13 goblins
  12 hobgoblins
  3 jackals (D:7)
  A quokka (D:1)
  5 bats
  3 frilled lizards
  6 gnoll skeletons (Ossuary)
  14 kobolds
  5 kobold skeletons (Ossuary)
  14 orc skeletons (Ossuary)
  6 rats
258 creatures vanquished.

Vanquished Creatures (others)
  An orc wizard (D:6)
  38 fungi (D:9)
  44 plants (D:9)
83 creatures vanquished.

Grand Total: 341 creatures vanquished

Notes
Turn   | Place    | Note
-------+----------+-------------------------------------------
     0 | D:1      | safid the Minotaur Hunter began the quest for the Orb.
     0 | D:1      | Reached XP level 1. HP: 18/18 MP: 0/0
    78 | D:1      | Reached XP level 2. HP: 26/26 MP: 1/1
   104 | D:1      | Found a faded altar of an unknown god.
   661 | D:2      | Reached skill level 5 in Ranged Weapons
   661 | D:2      | Reached XP level 3. HP: 31/31 MP: 2/2
  1197 | D:2      | Reached XP level 4. HP: 35/40 MP: 3/3
  1628 | D:2      | Found Goisk's Weapon Shop.
  1957 | D:3      | Reached XP level 5. HP: 47/47 MP: 4/4
  2067 | D:3      | Reached skill level 5 in Fighting
  2067 | D:3      | Reached skill level 6 in Ranged Weapons
  2286 | D:3      | Reached XP level 6. HP: 20/56 MP: 5/5
  2289 | D:3      | HP: 2/56 [orc/+0 trident (8)]
  2595 | D:3      | Identified the +2 helmet of Serendipity {+Blink Regen+}
  2595 | D:3      | Noticed Robin
  2609 | D:3      | Killed Robin
  3148 | D:4      | Reached skill level 7 in Ranged Weapons
  3168 | D:4      | Reached XP level 7. HP: 16/64 MP: 6/6
  3423 | D:4      | Noticed Blork the orc
  3433 | D:4      | Killed Blork the orc
  3724 | D:4      | Found Cough's Elemental Accessories.
  3816 | D:4      | Found Bihicwach's Jewellery Shoppe.
  4084 | D:4      | Noticed Grinder
  4094 | D:4      | Paralysed by Grinder for 3 turns
  4099 | D:4      | Killed Grinder
  4100 | D:4      | Reached skill level 8 in Ranged Weapons
  4145 | D:4      | Found a shimmering blue altar of Sif Muna.
  4233 | D:5      | Entered Level 5 of the Dungeon
  4318 | D:5      | Reached XP level 8. HP: 59/74 MP: 7/7
  4453 | D:5      | Reached skill level 9 in Ranged Weapons
  4950 | D:5      | Reached skill level 10 in Ranged Weapons
  5364 | D:6      | Gained mutation: Your magical capacity is low. (-10% MP)
                  | [potion of mutation]
  5364 | D:6      | Lost mutation: Your magical capacity is low. (-10% MP)
                  | [potion of mutation]
  5364 | D:6      | Gained mutation: You expend magic power (3 MP) to
                  | strengthen your wands. [potion of mutation]
  5364 | D:6      | Gained mutation: You have sharp toenails. [potion of
                  | mutation]
  5831 | D:6      | Reached skill level 11 in Ranged Weapons
  5966 | D:6      | Found a staircase to the Ecumenical Temple.
  5979 | D:6      | Reached XP level 9. HP: 54/81 MP: 8/8
  5990 | Temple   | Entered the Ecumenical Temple
  6291 | Temple   | Became a worshipper of Warmaster Okawaru
  6351 | D:6      | Reached skill level 12 in Ranged Weapons
  7076 | D:7      | Found a sand-covered staircase.
  7085 | Ossuary  | Entered an ossuary
  7515 | D:7      | Reached skill level 13 in Ranged Weapons
  7522 | D:7      | Reached * piety under Okawaru
  8211 | D:7      | Found Dodghan's Distillery.
  8219 | D:7      | Bought a potion of curing for 36 gold pieces
  8219 | D:7      | Bought a potion of heal wounds for 60 gold pieces
  8219 | D:7      | Bought a potion of curing for 36 gold pieces
  8219 | D:7      | Bought a potion of curing for 36 gold pieces
  8219 | D:7      | Bought a potion of flight for 36 gold pieces
  8219 | D:7      | Bought a potion of might for 48 gold pieces
  8592 | D:7      | Found Xungaten's Antique Weapon Shoppe.
  8615 | D:7      | Reached skill level 14 in Ranged Weapons
  9398 | D:7      | Identified a scroll of acquirement
  9402 | D:7      | Acquired a +2 vorpal arbalest
  9491 | D:8      | Reached ** piety under Okawaru
  9492 | D:8      | Reached XP level 10. HP: 88/88 MP: 9/9
  9503 | D:8      | Found a shadowy altar of Dithmenos.
  9956 | D:8      | Reached skill level 15 in Ranged Weapons
 10630 | D:9      | Found a staircase to the Lair.
 10914 | D:9      | Noticed a two-headed ogre
 10922 | D:9      | Killed a two-headed ogre
 10923 | D:9      | Reached skill level 16 in Ranged Weapons
 11346 | D:9      | Reached *** piety under Okawaru
 11699 | D:9      | Demolished by a very large slime creature

Illustrated notes

Levels and vault maps discovered:
D:1:      minmay_arrival_diagonal_passages, layout_basic,
          hellmonk_ecumenical_altar_zigzags, st_stairs_9
D:2:      layout_basic, serial_shops, nicolae_lakefront_shop
D:3:      layout_rooms, uniq_robin
D:4:      layout_cave_pools, kennysheep_mini, serial_shops, shop, hex_tiny,
          nicolae_elemental_shop, minmay_splitting_lines, uniq_blork_the_orc,
          uniq_grinder
D:5:      layout_loops_ring
D:6:      layout_basic, minmay_temple_entry_statues_pillars,
          minmay_misc_feat_encased
D:7:      layout_cave_pools, enter_ossuary_1, serial_shops, nicolae_square_shop,
          serial_gnoll_camp, gnoll_camp_mini_shop, gnoll_camp_mini_house,
          gnoll_camp_mini_basic, gnoll_camp_mini_doghouse, gnoll_camp_mini_hut,
          minmay_fractal_squares_5
D:8:      layout_loops_corners, nicolae_dithmenos_the_darkroom
D:9:      layout_basic, due_lair_maze_entry_diamond
Temple:   nicolae_temple_slightly_damp_pantheon

Skill      XL: |  1  2  3  4  5  6  7  8  9 10 |
---------------+-------------------------------+-----
Fighting       | 3 4 5 6 8 |  8.0
Ranged Weapons | 5 6 7 8 11 14 16 | 16.6
Dodging        | |  2.1
Stealth        | |  0.7

Action                   |  1- 3 |  4- 6 |  7- 9 | 10-12 || total
-------------------------+-------+-------+-------+-------++-------
 Fire: Shortbow          |    86 |   179 |   521 |       ||   786
       Arbalest          |       |       |     7 |   114 ||   121
Throw: Javelin           |       |       |       |     4 ||     4
  Use: Potion            |       |       |     8 |       ||     8
       Scroll            |       |       |    11 |     4 ||    15
Armor: Leather armour    |     8 |       |       |       ||     8
       Ring mail         |       |    33 |    73 |    10 ||   116
       Skin              |       |       |    13 |       ||    13
Dodge: Dodged            |    13 |    49 |   160 |    42 ||   264
